 Dungeon Crawl Stone Soup version 0.24.0-1-gfbc8707122 (webtiles) character file.

Game seed: 10335669826571554035, levelgen mode: deterministic

102 Aviak the Skirmisher (level 4, -1/50 HPs)
             Began as an Ogre Abyssal Knight on Oct 26, 2019.
             Was a Follower of Lugonu.
             Killed from afar by a hobgoblin (13 damage)
             ... with a bolt of acid
             ... on level 3 of the Dungeon.
             The game lasted 00:03:42 (2306 turns).

Aviak the Skirmisher (Ogre Abyssal Knight)          Turns: 2306, Time: 00:03:42

Health: -1/50      AC:  3    Str: 17    XL:     4   Next: 77%
Magic:  5/5        EV: 10    Int: 13    God:    Lugonu [*.....]
Gold:   60         SH:  0    Dex:  8    Spells: 3/3 levels left

rFire    . . .     SeeInvis .   a - +1 mace
rCold    . . .     Gourm    .   (no shield)
rNeg     . . .     Faith    .   b - +0 robe
rPois    .         Spirit   .   (helmet restricted)
rElec    .         Reflect  .   (no cloak)
rCorr    .         Harm     .   (gloves unavailable)
MR       +....                  (boots unavailable)
Stlth    +.........             (no amulet)
HPRegen  0.16/turn              (no ring)
MPRegen  0.09/turn              M - ring of protection from magic

@: hasted, very quick
A: large, unfitting armour, tough skin 1
a: Depart the Abyss, Renounce Religion


You were on level 3 of the Dungeon.
You worshipped Lugonu.
Lugonu was aware of your devotion.
You were not hungry.

You visited 1 branch of the dungeon, and saw 3 of its levels.
You visited the Abyss 1 time.

You collected 60 gold pieces.

Inventory:

Hand Weapons
 a - a +1 mace (weapon)
 q - a +0 flail
Armour
 b - a +0 robe (worn)
Jewellery
 g - an uncursed ring of ice
 M - a ring of protection from magic (right hand)
Wands
 t - a wand of random effects (20)
Scrolls
 h - a scroll of enchant armour {unknown}
 j - a scroll of remove curse {unknown}
 l - a scroll of fog {unknown}
 m - 3 scrolls of identify {unknown}
 n - a scroll of teleportation {unknown}
 o - a scroll of enchant weapon {unknown}
 r - a scroll of blinking {unknown}
 s - a scroll of immolation {unknown}
Potions
 d - a potion of curing {unknown}
 e - a potion of magic {unknown}
 f - a potion of haste
 i - 3 potions of flight {unknown}
 k - 3 potions of heal wounds {unknown}
Comestibles
 c - 8 rations
 p - 5 chunks of flesh


   Skills:
 + Level 5.1 Fighting
 + Level 3.1 Maces & Flails
 + Level 2.6 Dodging
 + Level 0.7 Stealth
 + Level 2.1 Invocations


You had 3 spell levels left.
You didn't know any spells.
Your spell library was empty.

Dungeon Overview and Level Annotations

Branches:
Dungeon (3/15)

Altars:
Dithmenos
Elyvilon
Xom
Yredelemnul


Innate Abilities, Weirdness & Mutations

You are too large for most types of armour.
You have tough skin. (AC +1)


Message History

p - 6 chunks of flesh (gained 3);
p - 7 chunks of flesh (gained 1)
Things that are here:
a jackal skeleton; a rat skeleton Eating one of 7 chunks of flesh.
You eat one of the 7 chunks of flesh.
This raw flesh tastes terrible.
Some of the chunks of flesh in your inventory have rotted away.
Found a stone staircase leading down.
A hobgoblin comes into view.
It is wielding a +0 mace and carrying a wand of acid (11).
A hobgoblin is nearby!
A hobgoblin is nearby!
A hobgoblin is nearby!
The hobgoblin shouts!
The hobgoblin zaps a wand.
The bolt of acid hits you!
You are splashed with acid!
* * * LOW HITPOINT WARNING * * *
Unknown command.
It was a potion of haste.
You feel yourself speed up.
f - a potion of haste;
d - a fizzy pink potion The hobgoblin zaps a wand.
The bolt of acid hits you!
You die...

#.....######
........)<..
######.#####.
.# # #. #>#
#. #..###
#..###. .....
.......
###..#..#
##.###.
#.@..g# ...#.
#.###.# ...
#.# .#. #.#
..#. #.# ..
.. ## #.# ..
#.. ######
##.# #. #.#
##... #..#
#.##.####....
##.##
#...........#


You could see a hobgoblin.

Vanquished Creatures
  4 adders
  2 worms (D:3)
  4 dart slugs
  3 leopard geckos
  2 orcs (D:3)
  5 goblins
  5 hobgoblins
  2 jackals (D:3)
  2 quokkas
  A ball python (D:1)
  4 bats
  3 frilled lizards
  6 kobolds
  6 rats
49 creatures vanquished.

Notes
Turn   | Place    | Note
-------+----------+-------------------------------------------
     0 | Abyss:1  | Aviak the Ogre Abyssal Knight began the quest for the Orb.
     0 | Abyss:1  | Reached XP level 1. HP: 24/24 MP: 2/2
    36 | Abyss:1  | Noticed a soul eater
    38 | D:1      | Escaped the Abyss
   170 | D:1      | Reached XP level 2. HP: 28/33 MP: 3/3
   263 | D:1      | Reached * piety under Lugonu
   857 | D:1      | Reached XP level 3. HP: 29/41 MP: 4/4
  1565 | D:2      | Reached XP level 4. HP: 31/49 MP: 5/5
  1638 | D:2      | Reached skill level 5 in Fighting
  1775 | D:2      | Found a shadowy altar of Dithmenos.
  1775 | D:2      | Found a white marble altar of Elyvilon.
  2045 | D:3      | Found a shimmering altar of Xom.
  2169 | D:3      | Found a basalt altar of Yredelemnul.
  2306 | D:3      | Killed from afar by a hobgoblin

Levels and vault maps discovered:
D:1:      co_arrival_random_square_maze, layout_basic, fountainhead
D:2:      layout_rooms, gammafunk_temple_overflow_pools
D:3:      layout_rooms, nicolae_overflow_hidden_temple, marbit_many_paths,
          old_standard_altar, uniq_jessica

Skill      XL: |  1  2  3  4 |
---------------+-------------+-----
Maces & Flails | 2 3 |  3.1
Fighting       | 5 |  5.1
Dodging        | |  2.6
Stealth        | |  0.7
Invocations    | |  2.1

Action                   |  1- 3 |  4- 6 || total
-------------------------+-------+-------++-------
Melee: Mace              |   108 |    50 ||   158
Invok: Depart the Abyss  |     1 |       ||     1
  Use: Potion            |       |     1 ||     1
 Stab: Sleeping          |     2 |       ||     2
  Eat: Chunk             |     2 |     3 ||     5
Armor: Robe              |    31 |    22 ||    53
Dodge: Dodged            |    72 |    28 ||   100
